 Dungeon Crawl Stone Soup version 0.02-32-ge3bdf778cf (webtiles) character file.

Game seed: 13690534323139231428, levelgen mode: deterministic

124 funkygono the Magician (level 4, 0/24 HPs) Deep Elf Fire Elementalist. Began on Sept 4, 2020. Slain by a sewer rat (8 damage) ... on level 2 of the Dungeon. The game lasted 00:04:18 (1031 turns).

funkygono the Magician (Deep Elf Fire Elementalist) Turns: 1031, Time: 00:04:18

Health: 0/24       AC:  5    Str:  5    XL:     4 ^: 18
Magic:  7/13       EV: 13    Int: 21    God:
Gold:   78         SH:  0    Dex: 15    Spells: 10/13 levels left

rFire    . . .     Vision   .   (no weapon)
rCold    . . .     Gourm    .   (no weapon)
rNeg     . . .     Faith    .   a - +1 robe
rPois    .         Spirit   .   (no helmet)
rElec    .         Reflect  .   (no cloak)
rCorr    .         Harm     .   j - +1 pair of gloves
MR       .....                  (no boots)
Stlth    ++........             (no amulet)
HPRegen  0.18/turn              (no ring)
MPRegen  0.23/turn              (no ring)

@: very slightly contaminated
A: no striking features
a: no special abilities


You were on level 2 of the Dungeon.
You were not hungry.

You visited 1 branch of the dungeon, and saw 2 of its levels.

You collected 78 gold pieces.

Inventory:

Armour
 a - a +1 robe (worn)
 j - a +1 pair of gloves (worn)
Scrolls
 f - a scroll of amnesia
 h - a scroll of teleportation
 i - a scroll of magic mapping
 k - a scroll of fog
Potions
 e - 2 potions of haste
 g - a potion of curing
 l - 2 potions of might
Comestibles
 c - a ration


   Skills:
 + Level 2.7 Dodging
 + Level 2.7 Stealth
 + Level 5.2 Spellcasting
 + Level 4.6 Fire Magic


You had 10 spell levels left.
You knew the following spells:

 Your Spells              Type           Power        Failure   Level  Hunger
a - Foxfire               Fire           25 (25)      1%          1    None
b - Searing Ray           Fire           25 (50)      2%          2    None

Your spell library contained the following spells:

 Spells                   Type           Power        Failure   Level  Hunger
 Conjure Flame            Fire           25 (100)     4%          3    ##.....
 Inner Flame              Hex/Fire       15 (100)     12%         3    ##.....
 Sticky Flame             Fire/Pois      15 (100)     38%         4    ####...
 Fireball                 Fire           25 (200)     41%         5    #####..


Dungeon Overview and Level Annotations

Branches:
Dungeon (2/8)

Altars:


Message History

The sewer rat is severely wounded. (4/11) HP The foxfire hits the sewer rat (3).
The sewer rat is almost dead. (1/11) HP The sewer rat barely misses you (0). x2
Casting: Foxfire (safe; 1% risk of failure)
Confirm with . or Enter, or press ? or * to list all spells.
You conjure some foxfire!
The foxfire hits the sewer rat but does no damage (0).
The sewer rat is lightly wounded. (9/10) HP The sewer rat barely misses you (0).
The sewer rat bites you (6).
Unknown command.
Casting: Foxfire (safe; 1% risk of failure)
Confirm with . or Enter, or press ? or * to list all spells.
You conjure some foxfire!
The foxfire hits the sewer rat but does no damage (0).
The sewer rat is almost dead. (1/11) HP The foxfire hits the sewer rat (2).
You kill the sewer rat!
The sewer rat bites you (8)!
You die...

#.≈≈≈≈≈#
#.≈≈≈≈≈#
#≈≈≈≈≈≈#
###≈≈≈≈≈≈##
...≈≈≈≈≈≈≈
..≈≈..≈#
#†.<.≈≈##
#@≈≈≈≈≈≈.
#r*≈≈≈≈#≈
#.≈≈≈≈≈#
≈≈≈≈≈≈≈#
.#≈≈≈≈≈[#
###†≈≈≈≈P#
#≈≈≈≈†≈#
..≈≈≈≈≈#
..§§§≈≈#


You could see a sewer rat.

Vanquished Creatures
  An adder (D:2)
  7 sewer rats (D:2)
  4 cinder newts (D:1)
  A dart slug (D:1)
  2 giant cockroaches (D:1)
  3 goblins (D:1)
  2 hobgoblins (D:1)
  4 kobolds (D:1)
  2 ball pythons
  4 bats (D:1)
  2 rats (D:1)
32 creatures vanquished.

Vanquished Creatures (others)
  93 foxfires
  9 withered plants (D:2)
102 creatures vanquished.

Grand Total: 134 creatures vanquished

Notes
Turn   | Place    | Note
-------+----------+-------------------------------------------
     0 | D:1      | funkygono the Deep Elf Fire Elementalist began the quest
                  | for the Orb.
     0 | D:1      | Reached XP level 1. HP: 10/10 MP: 6/6
   190 | D:1      | Reached XP level 2. HP: 11/15 MP: 0/8
   194 | D:1      | Learned a level 2 spell: Searing Ray
   469 | D:1      | Reached XP level 3. HP: 19/19 MP: 8/10
   520 | D:1      | Reached skill level 4 in Spellcasting
   952 | D:2      | Reached XP level 4. HP: 24/24 MP: 6/12
   961 | D:2      | Reached skill level 5 in Spellcasting
  1031 | D:2      | Slain by a sewer rat

Levels and vault maps discovered:
D:1:      dpeg_arrival_circle_labyrinth_c, layout_basic, minmay_unequal
D:2:      layout_sewer, nemelex_xobeh_ov_fountains_minmay,
          dancing_weapons_uskayaw, uniq_purgy

Skill      XL: |  1  2  3  4 |
---------------+-------------+-----
Spellcasting   | 4 5 |  5.2
Fire Magic     | 4 |  4.6
Dodging        | |  2.7
Stealth        | |  2.7

Action                   |  1- 3 |  4- 6 || total
-------------------------+-------+-------++-------
 Cast: Foxfire           |    43 |    13 ||    56
       Searing Ray       |     5 |     1 ||     6
  Use: Scroll            |     2 |       ||     2
Armor: Robe              |     2 |       ||     2
Dodge: Dodged            |    18 |    12 ||    30
